 Dungeon Crawl Stone Soup version 0.30.1-11-g7821555f0a (webtiles) character file.

Game seed: 1152167820197929342

1 Ijustatesigmund the Firebug (level 1, 0/10 HPs)
             Began as a Tengu Fire Elementalist on Dec 14, 2023.
             Slain by a hobgoblin (3 damage)
             ... on level 1 of the Dungeon.
             The game lasted 00:00:47 (76 turns).

Ijustatesigmund the Firebug (Tengu Fire Elementalist) Turns: 76, Time: 00:00:48

Health: 0/10       AC:  2    Str:  8    XL:     1   Next: 20%
Magic:  4/4        EV: 12    Int: 15    God:
Gold:   0          SH:  0    Dex: 14    Spells: 3/4 levels left

rFire   . . .        (no weapon)
rCold   . . .        (no shield)
rNeg    . . .        a - +0 robe
rPois   .            (helmet restricted)
rElec   .            (no cloak)
rCorr   .            (no gloves)
SInv    .            (boots unavailable)
Will    .....        (no amulet)
Stlth   ++           (no ring)
HPRegen 0.21/turn    (no ring)
MPRegen 0.09/turn

%: no passive effects
@: no status effects
A: beak, talons 3
a: no special abilities


You were on level 1 of the Dungeon.
You visited 1 branch of the dungeon, and saw 1 of its levels.

Inventory:

Armour
 a - a +0 robe (worn)
Potions
 b - a potion of magic


   Skills:
 + Level 0.1 Fighting
 - Level 2.1 Dodging
 - Level 2.0 Stealth
 + Level 2.0 Spellcasting
 - Level 1.3 Conjurations
 + Level 3.3 Fire Magic


You had 3 spell levels left.
You knew the following spells:

 Your Spells              Type           Power      Damage    Failure   Level
a - Foxfire               Conj/Fire      32%        2x1d5     9%          1

Your spell library contained the following spells:

 Spells                   Type           Power      Damage    Failure   Level
 Scorch                   Fire           22%        2d5       9%          2
 Inner Flame              Hex/Fire       6%         N/A       32%         3
 Volatile Blastmotes      Fire/Tloc      12%        2d11      32%         3
 Flame Wave               Conj/Fire      8%         2d5       63%         4


Dungeon Overview and Level Annotations

Branches:
Dungeon (1/15)

Altars:


Innate Abilities, Weirdness & Mutations

You have a beak for a mouth.
You have claws for feet.


Message History

You enter a dispersal trap!
The quokka blinks!
The rat blinks!
The quokka blinks!
The rat blinks!
You blink.
An endoplasm comes into view.
Found an embroidered hat and the Annotations on the Destructive Valley.
The dart slug launches a dart at you. The slug dart misses you.
The endoplasm quivers.
The quokka attacks as you move away! The quokka barely misses you.
An endoplasm and a kobold come into view.
Found a stone staircase leading down.
The quokka closely misses you. The endoplasm closely misses you.
A hobgoblin comes into view.
Found 3 gold pieces.
Found a faded altar of an unknown god.
The kobold shouts!
A giant cockroach comes into view.
You see here a +2 hat.
The quokka attacks as you move away! The quokka bites you.
A hobgoblin comes into view.
The quokka barely misses you. The hobgoblin attacks as you move away!
The hobgoblin hits you.
* * * LOW HITPOINT WARNING * * *
A rat comes into view.
The hobgoblin attacks as you move away! The hobgoblin hits you.
* * * LOW HITPOINT WARNING * * *
The endoplasm jiggles.
The giant cockroach bites you but does no damage.
The giant cockroach attacks as you move away!
The giant cockroach bites you but does no damage.
The hobgoblin shouts!
The giant cockroach misses you.
Found 6 stones.
Found a leather armour.
The giant cockroach attacks as you move away!
The giant cockroach closely misses you. The giant cockroach bites you.
* * * LOW HITPOINT WARNING * * *
The giant cockroach attacks as you move away!
The giant cockroach closely misses you. The hobgoblin attacks as you move away!
The hobgoblin hits you.
You die...

##+#r..... # ....##
. # #..## #. #
..######.. >#...
..#.#
####.#.#####...###
......#.....#...[#
......~.....~#.#.##
r...#~.~...~~.#.@(#
...#[.~.~~~.~l.#gB#
...#K..~.≈≈~~~~#..#
...#....≈._≈....r.#
:..#...~.≈≈~~~~#J##
..l#..~.~~~.J..#.#
.J..#~.~...~g.#r##
####..~g...K~#.##
##.#.....#J##


You could see an endoplasm, 2 quokkas, a giant cockroach, a hobgoblin and a
frilled lizard.

Vanquished Creatures
  A kobold (D:1)
1 creature vanquished.

Vanquished Creatures (others)
  7 foxfires (D:1)
7 creatures vanquished.

Grand Total: 8 creatures vanquished

Notes
Turn   | Place    | Note
-------+----------+-------------------------------------------
     0 | D:1      | Ijustatesigmund the Tengu Fire Elementalist began the quest
                  | for the Orb.
     0 | D:1      | Reached XP level 1. HP: 10/10 MP: 4/4
    51 | D:1      | Found a faded altar of an unknown god.
    76 | D:1      | Slain by a hobgoblin

Illustrated notes

Levels and vault maps discovered:
D:1:      saegor_arrival_simple_b, layout_basic,
          shapermc_ecumenical_altar_starsandcircs, minmay_tall_x

Action                     || total
---------------------------++-------
   Cast: Foxfire           ||     4
 Armour: Robe              ||     5
  Dodge: Dodged            ||    18
